AoeStats
← Dejá

Yucatan

510327489Analyzed
2v2 RM · 19h ago on Sep 30, 2026· 26m 53s· 4 players
Game mode
Random Map
Map size
Medium (4 player)
Population
200
Speed
Normal
Resources
Standard
Victory
Conquest
Starting age
Dark Age
Ending age
Imperial Age
RankedLock teamsTeams togetherTeam positionsShared explorationLock speedFull tech treeHidden civsTurbo modeCheats
Victory
Defeat
🇦🇷 Cumans · Argentina
1166
+12
🇩🇪 Bohemians · Germany
1106
+15
🇲🇽 Maya · Mexico
1085
-14
🇺🇸 Vikings · United States
1081
-13
MMMartin88
0:31 Loom
12:20 Feudal Age
16:59 Castle Age
18:09 Pikeman
19:33 Double-Bit Axe
22:21 Chemistry
25:40 Ballistics
Dejá
7:20 Loom
9:33 Feudal Age
17:51 Castle Age
16:39 Horse Collar
16:48 Double-Bit Axe
18:17 Scale Barding Armor
19:02 Bloodlines
19:08 Gold Mining
Taylor
11:00 Feudal Age
10:28 Loom
13:23 Double-Bit Axe
17:11 Castle Age
18:17 Bow Saw
17:34 Pikeman
18:16 Squires
24:37 Forging
25:27 Scale Mail Armor
RR.Gohan
0:26 Loom
10:57 Feudal Age
14:40 Double-Bit Axe
17:06 Castle Age
15:51 Fletching
16:02 Padded Archer Armor
17:31 Crossbowman
18:14 Bodkin Arrow
18:35 Leather Archer Armor
18:19 Gold Mining
19:07 Bow Saw
23:27 Ballistics
25:38 Thumb Ring
Connection lost

Rejoining the realm…

Still unreachable

The connection could not be restored.

Session expired

The server has moved on; the page needs a fresh start.